AoeStats
← Hitman4Hire24

Nomad

510912044Analyzed
4v4 RM · 10h ago on Oct 3, 2026· 41m 42s· 8 players
Game mode
Random Map
Map size
231×231
Population
200
Speed
Normal
Resources
Standard
Victory
Conquest
Starting age
Dark Age
Ending age
Imperial Age
RankedLock teamsTeams togetherTeam positionsShared explorationLock speedFull tech treeHidden civsTurbo modeCheats
Victory
Defeat
🇲🇽 Slavs · Mexico
845
+9
🇨🇳 Huns · China
844
+9
🇨🇳 Britons · China
769
+12
🇨🇦 Spanish · Canada
768
+11
🇺🇸 Huns · United States
693
-11
🇺🇸 Inca · United States
690
-11
686
-11
🇺🇸 Bohemians · United States
623
-8
Neoikana
5:58 Loom
15:54 Feudal Age
17:10 Wheelbarrow
16:22 Double-Bit Axe
16:18 Horse Collar
16:25 Town Watch
18:29 Man-at-Arms
28:07 Fletching
30:28 Bloodlines
32:20 Castle Age
33:00 Castle Age
32:00 Gold Mining
36:47 Fletching
37:29 Bodkin Arrow
41:42 Imperial Age
卢本伟
4:04 Loom
4:46 Loom
14:29 Feudal Age
20:31 Castle Age
18:53 Gold Mining
18:58 Stone Mining
19:16 Fishing Lines
20:14 Double-Bit Axe
21:44 Bow Saw
22:13 Wheelbarrow
22:43 Scale Barding Armor
22:50 Forging
23:54 Bloodlines
24:21 Chain Barding Armor
27:24 Horse Collar
33:37 Imperial Age
32:02 Gold Shaft Mining
31:45 Hand Cart
32:15 Marauders
34:04 Iron Casting
33:39 Heavy Plow
35:28 Two-Man Saw
35:03 Husbandry
34:26 Elite Tarkan
35:27 Conscription
36:22 Plate Barding Armor
36:48 Blast Furnace
37:03 Blast Furnace
seven^^
16:10 Feudal Age
24:19 Castle Age
27:04 Fishing Lines
28:18 Double-Bit Axe
32:23 Gillnets
39:34 Imperial Age
41:06 Elite Longbowman
41:43 Fletching
41:54 Padded Archer Armor
Leeroy Jenkins 2012
4:25 Loom
Hitman4Hire24
3:04 Loom
18:23 Feudal Age
19:59 Wheelbarrow
19:11 Town Watch
19:19 Double-Bit Axe
19:57 Champi Runner
20:23 Arson
21:18 Horse Collar
21:29 Gold Mining
21:30 Stone Mining
26:33 Forging
26:24 Scale Mail Armor
26:24 Padded Archer Armor
26:15 Fletching
26:59 Fishing Lines
34:39 Castle Age
35:28 Bodkin Arrow
35:49 Leather Archer Armor
35:50 Chain Mail Armor
36:10 Iron Casting
36:00 Hand Cart
36:22 Bow Saw
36:13 Heavy Plow
37:07 Treadmill Crane
39:15 Ballistics
39:16 Murder Holes
41:27 Town Patrol
Scoobydoo117778
6:52 Loom
20:09 Feudal Age
23:22 Double-Bit Axe
23:22 Man-at-Arms
23:48 Arson
24:54 Horse Collar
27:22 Wheelbarrow
drtySASQUATCH69
4:23 Loom
22:10 Feudal Age
22:56 Man-at-Arms
23:22 Arson
23:24 Horse Collar
24:24 Wheelbarrow
24:24 Forging
24:16 Scale Mail Armor
24:38 Double-Bit Axe
32:03 Stone Mining
32:04 Gold Mining
37:22 Bloodlines
39:35 Castle Age
39:16 Scale Barding Armor
41:53 Hand Cart
汉东省太想进步厅长
4:30 Loom
4:38 Loom
17:38 Feudal Age
23:05 Castle Age
24:04 Horse Collar
28:11 Double-Bit Axe
34:48 Stone Mining
35:31 Heavy Plow
35:54 Bow Saw
Connection lost

Rejoining the realm…

Still unreachable

The connection could not be restored.

Session expired

The server has moved on; the page needs a fresh start.